 Dungeon Crawl Stone Soup version 0.29-a0-414-g5075937ec3 (webtiles) character file.

Game seed: 1949552464630844816

4 frimble the Grasshopper (level 1, -1/20 HPs)
             Began as a Gnoll Warper on May 16, 2022.
             Slain by a dart slug (2 damage)
             ... on level 1 of the Dungeon.
             The game lasted 00:00:12 (119 turns).

frimble the Grasshopper (Gnoll Warper)               Turns: 119, Time: 00:00:13

Health: -1/20      AC:  3    Str: 10    XL:     1   Next: 70%
Magic:  6/6        EV: 12    Int: 12    God:
Gold:   1          SH:  0    Dex: 11    Spells: 9/9 levels left

rFire   . . .      SeeInvis .     - Unarmed
rCold   . . .      Faith    .   (no shield)
rNeg    . . .      Spirit   .   a - +0 leather armour
rPois   .          Reflect  .   (no helmet)
rElec   .          Harm     .   (no cloak)
rCorr   .          Rampage  .   (no gloves)
Will    .....                   (no boots)
Stlth   +.........              (no amulet)
HPRegen 0.06/turn               (no ring)
MPRegen 0.10/turn               (no ring)

@: no status effects
A: fangs 1, strong nose, distributed training
a: no special abilities


You were on level 1 of the Dungeon.
You visited 1 branch of the dungeon, and saw 1 of its levels.

You collected 1 gold pieces.

Inventory:

Missiles
 c - 5 boomerangs of dispersal (quivered)
Armour
 a - a +0 leather armour (worn)
Scrolls
 b - a scroll of blinking


   Skills:
 + Level 4.4 Fighting
 + Level 0.1 Short Blades
 + Level 0.1 Long Blades
 + Level 0.1 Axes
 + Level 0.1 Maces & Flails
 + Level 0.1 Polearms
 + Level 0.1 Staves
 + Level 0.1 Slings
 + Level 0.1 Bows
 + Level 0.1 Crossbows
 + Level 2.4 Throwing
 + Level 2.4 Armour
 + Level 4.4 Dodging
 + Level 0.1 Stealth
 + Level 0.1 Shields
 + Level 4.4 Unarmed Combat
 + Level 4.9 Spellcasting
 + Level 0.1 Conjurations
 + Level 0.1 Hexes
 + Level 0.1 Summonings
 + Level 0.1 Necromancy
 + Level 5.3 Translocations
 + Level 0.1 Transmutations
 + Level 0.1 Fire Magic
 + Level 0.1 Ice Magic
 + Level 0.1 Air Magic
 + Level 0.1 Earth Magic
 + Level 0.1 Poison Magic
 + Level 0.2 Invocations
 + Level 0.1 Evocations


You had 9 spell levels left.
You didn't know any spells.
Your spell library contained the following spells:

 Spells                   Type           Power      Damage    Failure   Level
 Blink                    Tloc           30%        N/A       4%          2
 Gell's Gravitas          Tloc           15%        N/A       9%          3
 Lesser Beckoning         Tloc           15%        N/A       9%          3
 Teleport Other           Tloc           15%        N/A       9%          3
 Manifold Assault         Tloc           15%        N/A       63%         5


Dungeon Overview and Level Annotations

Branches:
Dungeon (1/15)

Altars:

Shops:
D:1 [


Innate Abilities, Weirdness & Mutations

You have very sharp teeth.
Your uncanny sense of smell can sniff out nearby items.
Your experience applies equally to all skills.


Message History

You hit the goblin.
You kill the goblin!
The kobold throws a stone.
The stone hits you but does no damage.
You closely miss the hobgoblin.
You bite the hobgoblin, but do no damage.
The dart slug briefly extends its eye-stalks.
The hobgoblin hits you with a +0 hand axe.
You barely miss the hobgoblin. The hobgoblin barely misses you.
You hit the hobgoblin but do no damage. Your bite misses the hobgoblin.
You barely miss the hobgoblin. The hobgoblin closely misses you.
You hit the hobgoblin but do no damage.
The hobgoblin hits you with a +0 hand axe.
You barely miss the hobgoblin. The hobgoblin misses you.
You closely miss the hobgoblin.
The hobgoblin hits you with a +0 hand axe.
The dart slug launches a dart at you.
The slug dart hits you but does no damage.
You punch the hobgoblin!
You kill the hobgoblin!
The kobold hits you with a +0 whip.
* * * LOW HITPOINT WARNING * * *
The dart slug bites you.
* * * LOW HITPOINT WARNING * * *
You aren't carrying any potions.
Unknown command.
Throw: 7 boomerangs (disperse)
Press: ? - help, Q - select action Shift-Dir - straight line, f - kobold
Aim: a kobold, wielding a +0 whip and quivering stones (51% to hit)
You throw a boomerang of dispersal.
The boomerang of dispersal barely misses the kobold.
The kobold misses you. The dart slug misses you.
Throw: 6 boomerangs (disperse)
Press: ? - help, Q - select action Shift-Dir - straight line, f/p - kobold
Aim: a kobold, wielding a +0 whip and quivering stones (51% to hit)
You throw a boomerang of dispersal.
The boomerang of dispersal hits the kobold.
The kobold blinks!
The kobold is moderately wounded.
The dart slug bites you.
You die...

##.##>.....# #.#####
#..........# #......
..#.....).######.##...
.###........##..........
............#.......#...
.........†......###.....
...K..##.###..### #.#..#
......§..###..# ...#.##
......#@........ #......
..###.w...#...### #. ..
....#.......# .. .
............... ...##
##....... .. #.......
### . .#.##.. #.. .#..
.. #.. #<.


You could see a dart slug and a kobold.

Vanquished Creatures
  A goblin (D:1)
  2 hobgoblins (D:1)
  A frilled lizard (D:1)
4 creatures vanquished.

Notes
Turn   | Place    | Note
-------+----------+-------------------------------------------
     0 | D:1      | frimble the Gnoll Warper began the quest for the Orb.
     0 | D:1      | Reached XP level 1. HP: 20/20 MP: 6/6
    69 | D:1      | Found Adaniubb's Antique Armour Shoppe.
   117 | D:1      | HP: 1/20 [dart slug (2)]
   119 | D:1      | Slain by a dart slug

Illustrated notes

Levels and vault maps discovered:
D:1:      lightli_arrival_farm, layout_rooms, serial_shops,
          nicolae_shop_temple_entry_statues_fountains

Action                   || total
-------------------------++-------
Melee: Unarmed           ||    15
       Bite              ||     1
Throw: Boomerang         ||     2
Armor: Leather armour    ||     2
Dodge: Dodged            ||     7

Table legend: (Time is in decaauts)
 A = Elapsed time spent in this place.
 B = Non-inter-level travel time spent in this place.
 C = Inter-level travel time spent in this place.
 D = Time resting spent in this place.
 E = Time spent auto-exploring this place.
 F = Levels seen in this place.
 G = Mean time per level.
                   A        B        C        D        E       F      G
               +--------+--------+--------+--------+--------+-----+--------+
         Total |    131 |    131 |      0 |      0 |    105 |   1 |  131.0 |
       Dungeon |    131 |    131 |      0 |      0 |    105 |   1 |  131.0 |
               +--------+--------+--------+--------+--------+-----+--------+

Top non-repeatable levels by time:
     D:1: 131 daAuts
